AoeStats
← 739697286

Arabia

510061275Analyzed
1v1 RM · 4d ago on Sep 29, 2026· 58m 7s· 2 players
Game mode
Random Map
Map size
Tiny (2 player)
Population
200
Speed
Normal
Resources
Standard
Victory
Conquest
Starting age
Dark Age
Ending age
Imperial Age
RankedLock teamsTeams togetherTeam positionsShared explorationLock speedFull tech treeHidden civsTurbo modeCheats
Victory
Defeat
🇨🇳 Celts · China
1295
+15
🇨🇳 Huns · China
1274
-15
37234103
7:05 Loom
9:07 Feudal Age
10:03 Double-Bit Axe
12:43 Horse Collar
18:10 Castle Age
17:07 Bloodlines
17:35 Forging
18:22 Scale Barding Armor
19:41 Bow Saw
22:01 Heavy Plow
29:40 Husbandry
32:36 Wheelbarrow
32:42 Wheelbarrow
33:08 Fletching
33:19 Padded Archer Armor
33:48 Hand Cart
35:06 Bodkin Arrow
35:26 Leather Archer Armor
38:14 Ballistics
40:28 Imperial Age
38:19 Gold Mining
42:04 Parthian Tactics
41:43 Bracer
42:53 Chemistry
42:56 Two-Man Saw
46:31 Iron Casting
46:17 Chain Barding Armor
57:29 Elite Skirmisher
739697286
14:09 Feudal Age
14:14 Loom
18:59 Castle Age
17:10 Horse Collar
17:43 Double-Bit Axe
19:14 Gold Mining
31:06 Wheelbarrow
30:05 Pikeman
35:37 Scale Mail Armor
37:02 Chain Mail Armor
36:57 Forging
37:02 Chain Mail Armor
36:57 Forging
38:16 Forging
49:12 Arson
Connection lost

Rejoining the realm…

Still unreachable

The connection could not be restored.

Session expired

The server has moved on; the page needs a fresh start.